 Dungeon Crawl Stone Soup version 0.30-a0-743-gbfdf073431 (webtiles) character file.

Game seed: 16821730001238731581

3 theblackgale the Digger (level 1, -1/13 HPs)
             Began as a Formicid Earth Elementalist on Feb 7, 2023.
             Slain by a rat (2 damage)
             ... on level 1 of the Dungeon.
             The game lasted 00:01:46 (144 turns).

theblackgale the Digger (FoEE)                       Turns: 144, Time: 00:01:46

Health: -1/13      AC:  2    Str: 12    XL:     1   Next: 55%
Magic:  3/3        EV: 12    Int: 14    God:
Gold:   0          SH:  0    Dex: 14    Spells: 3/4 levels left

rFire   . . .      SeeInvis +    (no weapon)
rCold   . . .      Faith    .    (no shield)
rNeg    . . .      Spirit   .    a - +0 robe
rPois   .          Reflect  .    (helmet unavailable)
rElec   .          Harm     .    (no cloak)
rCorr   .          Rampage  .    (no gloves)
Will    .....                    (no boots)
Stlth   ++                       (no amulet)
HPRegen 0.22/turn                (no ring)
MPRegen 0.08/turn                (no ring)

@: no status effects
A: permanent stasis, dig shafts and tunnels, antennae 3, four strong arms
a: Dig, Shaft Self


You were on level 1 of the Dungeon.
You visited 1 branch of the dungeon, and saw 1 of its levels.

Inventory:

Missiles
 d - a throwing net
Armour
 a - a +0 robe (worn)
Scrolls
 c - a scroll of poison {unknown}
Potions
 b - a potion of magic


   Skills:
 + Level 1.8 Dodging
 + Level 2.4 Stealth
 + Level 2.2 Spellcasting
 + Level 1.1 Transmutations
 + Level 3.8 Earth Magic


You had 3 spell levels left.
You knew the following spells:

 Your Spells              Type           Power      Damage    Failure   Level
a - Sandblast             Erth           24%        2d8       4%          1

Your spell library contained the following spells:

 Spells                   Type           Power      Damage    Failure   Level
 Passwall                 Tmut/Erth      6%         N/A       13%         2
 Magic Dart               Conj           4%         1d3       24%         1
 Stone Arrow              Conj/Erth      12%        3d7       32%         3
 Searing Ray              Conj           2%         2d4       34%         2
 Petrify                  Tmut/Erth      8%         N/A       63%         4
 Fulminant Prism          Conj/Hex       0%         3d5       93%         4


Dungeon Overview and Level Annotations

Branches:
Dungeon (1/15)

Altars:


Innate Abilities, Weirdness & Mutations

You cannot be hasted, slowed, berserked, paralysed or teleported.
You can dig through walls and to a lower floor.
You have a pair of large antennae on your head. (SInv)
Your four strong arms can wield two-handed weapons with a shield.


Message History

The jackal bites you but does no damage.
The rat misses you.
You hit the jackal but do no damage. The jackal completely misses you.
The rat bites you.
You hit the jackal but do no damage. The jackal closely misses you.
The rat bites you but does no damage.
The jackal bites you but does no damage.
You closely miss the jackal. The jackal misses you.
The rat bites you but does no damage.
You hit the jackal.
The jackal is moderately wounded.
The jackal bites you. The rat closely misses you.
You miss the jackal.
The jackal is moderately wounded.
The jackal bites you. The jackal completely misses you.
The rat bites you but does no damage.
You miss the jackal.
The jackal is moderately wounded.
The jackal bites you. The rat closely misses you.
You hit the jackal.
The jackal is severely wounded.
The jackal barely misses you. The rat closely misses you. The jackal bites you.
You barely miss the jackal.
The jackal is heavily wounded.
The jackal bites you. The rat bites you.
* * * LOW HITPOINT WARNING * * *
You closely miss the jackal.
The jackal is heavily wounded.
The jackal bites you but does no damage.
The rat closely misses you.
You closely miss the jackal.
The jackal is heavily wounded.
The jackal completely misses you. x2; The rat bites you but does no damage.
The rat barely misses you.
The rat twitches its whiskers.
The rat bites you but does no damage. The jackal bites you.
* * * LOW HITPOINT WARNING * * *
The jackal attacks as you move away! The jackal misses you.
The rat attacks as you move away! The rat bites you.
You die...

...# #.#####.######
#............##
############.###...#
.............# #...#
##############
#†..#### .. #......#
#####.###......##
#.)..hhhh@.......
#.###.##r........ ..
#......... #.
#.#....... #
#.#....... ..
#.#....... ....
#.#......# ....
#.#......# ####


You could see 4 jackals and a rat.

Vanquished Creatures
  An endoplasm (D:1)
  A ball python (D:1)
  2 rats (D:1)
4 creatures vanquished.

Notes
Turn   | Place    | Note
-------+----------+-------------------------------------------
     0 | D:1      | theblackgale the Formicid Earth Elementalist began the
                  | quest for the Orb.
     0 | D:1      | Reached XP level 1. HP: 13/13 MP: 3/3
   144 | D:1      | Slain by a rat

Illustrated notes

Levels and vault maps discovered:
D:1:      dpeg_arrival_oval, layout_basic, serial_shops, shop,
          kennysheep_doodads

Action                     || total
---------------------------++-------
  Melee: Unarmed           ||    15
   Cast: Sandblast         ||     4
 Armour: Robe              ||     9
  Dodge: Dodged            ||    18

Table legend: (Time is in decaauts)
 A = Elapsed time spent in this place.
 B = Non-inter-level travel time spent in this place.
 C = Inter-level travel time spent in this place.
 D = Time resting spent in this place.
 E = Time spent auto-exploring this place.
 F = Levels seen in this place.
 G = Mean time per level.
                   A        B        C        D        E       F      G
               +--------+--------+--------+--------+--------+-----+--------+
         Total |    146 |     49 |     97 |      0 |      0 |   1 |  146.0 |
       Dungeon |    146 |     49 |     97 |      0 |      0 |   1 |  146.0 |
               +--------+--------+--------+--------+--------+-----+--------+

Top non-repeatable levels by time:
     D:1: 146 daAuts
